 Dungeon Crawl Stone Soup version 0.28.0 (webtiles) character file.

Game seed: 9699116594461697228

2 a3don the Sneak (level 1, -4/9 HPs)
             Began as a Spriggan Enchanter on Feb 14, 2022.
             Slain by a gnoll (8 damage)
             ... on level 1 of the Dungeon.
             The game lasted 00:00:26 (91 turns).

a3don the Sneak (Spriggan Enchanter)                  Turns: 91, Time: 00:00:27

Health: -4/9       AC:  2    Str:  4    XL:     1   Next: 33%
Magic:  5/5        EV: 17    Int: 16    God:
Gold:   0          SH:  0    Dex: 15    Spells: 5/5 levels left

rFire   . . .      SeeInvis +   f - +1 short sword (holy)
rCold   . . .      Faith    .   (no shield)
rNeg    . . .      Spirit   .   b - +0 robe
rPois   .          Reflect  .   (helmet restricted)
rElec   .          Harm     .   (no cloak)
rCorr   .          Rampage  .   (gloves unavailable)
Will    .....                   (boots unavailable)
Stlth   +++.......              (no amulet)
HPRegen 0.03/turn               (no ring)
MPRegen 0.09/turn               (no ring)

@: very quick
A: very small, no large weapons, unfitting armour, see invisible, speed 3
a: no special abilities


You were on level 1 of the Dungeon.
You visited 1 branch of the dungeon, and saw 1 of its levels.

Inventory:

Hand Weapons
 a - a +1 dagger
 f - a +1 short sword of holy wrath (weapon)
Armour
 b - a +0 robe (worn)
Scrolls
 d - a scroll of enchant armour {unknown}
Potions
 c - a potion of invisibility
 e - 2 potions of degeneration {unknown}


   Skills:
 + Level 1.2 Short Blades
 + Level 2.7 Dodging
 + Level 4.4 Stealth
 + Level 2.7 Spellcasting
 + Level 3.6 Hexes


You had 5 spell levels left.
You didn't know any spells.
Your spell library contained the following spells:

 Spells                   Type           Power      Damage    Failure   Level
 Confusing Touch          Hex            14%        N/A       13%         3
 Tukima's Dance           Hex            14%        N/A       13%         3
 Ensorcelled Hibernation  Hex/Ice        16%        N/A       14%         2
 Dazzling Flash           Conj/Hex       16%        N/A       26%         3


Dungeon Overview and Level Annotations

Branches:
Dungeon (1/15)

Altars:


Innate Abilities, Weirdness & Mutations

You are very small and have problems with some larger weapons.
You are too small for most types of armour.
You have supernaturally acute eyesight. (SInv)
You cover ground extremely quickly. (Speed+++)


Message History

The kobold completely misses you. The gnoll misses you.
The hobgoblin closely misses you.
The kobold shouts!
You hit the kobold.
You kill the kobold!
The gnoll hits you with a +0 flail.
Ouch! That really hurt!
You are too injured to fight recklessly!
You are too injured to fight recklessly!
You are too injured to fight recklessly!
You are too injured to fight recklessly!
You are too injured to fight recklessly!
You are too injured to fight recklessly!
You are too injured to fight recklessly!
You are too injured to fight recklessly!
You are too injured to fight recklessly!
You are too injured to fight recklessly!
You are too injured to fight recklessly!
You are too injured to fight recklessly!
You are too injured to fight recklessly!
You are too injured to fight recklessly!
You are too injured to fight recklessly!
The kobold throws a stone.
The stone misses you.
You see here 7 bolts.
e - 2 bubbling orange potions
There are no items here.
Things that are here:
a +1 short sword of holy wrath; a +0 club
f - a +1 short sword of holy wrath You see here 3 gold pieces.
Your +1 short sword of holy wrath softly glows with a divine radiance!
f - a +1 short sword of holy wrath (weapon)
Found a stone staircase leading down.
A kobold comes into view. It is wielding a +0 dagger.
Your movement speed is very quick.
Your attack delay is about 1.0.
You start resting.
A gnoll is nearby!
The gnoll hits you with a +0 flail!
Ouch! That really hurt!
You die...

##.# ##.#...... #.#
#..#####.# #.###..# #
#.##...#####..
#.##.)$.......
#.##..######..
#.##.g# #.##..#
#.######@##..###
#........g.....# #
#####.#####.##.#
#.##........##g# .#
#.....⌠...⌠.##.# #
##.##..#'#..##.#
#.....#<#..##g######
#.#...###............
# ##.⌠Kgg⌠..#########


You could see a gnoll.

Vanquished Creatures
  A goblin (D:1)
  A kobold (D:1)
2 creatures vanquished.

Notes
Turn   | Place    | Note
-------+----------+-------------------------------------------
     0 | D:1      | a3don the Spriggan Enchanter began the quest for the Orb.
     0 | D:1      | Reached XP level 1. HP: 9/9 MP: 5/5
    91 | D:1      | Slain by a gnoll

Illustrated notes

Levels and vault maps discovered:
D:1:      scummos_arrival_simple_fountains, layout_loops_ring, minmay_vboxes

Action                   || total
-------------------------++-------
Melee: Dagger            ||     7
Armor: Robe              ||     1
Dodge: Dodged            ||    11
